Map: 천상의 쟁탈전

Players

밤하늘

  • Race: Protoss Protoss
  • Spawn Location: 7:00

테라진

  • Race: Terran Terran
  • Spawn Location: 6:00

VOD

Have the link to the VOD?

Description

Time

  • Played on: March 15, 2019, 3:39 a.m.
  • Length: 16:16
Show
View Real Time Build Order
Export as new Build Order

밤하늘 Protoss 

Build Orders:  

Get SALT Encoding   

  12  0:02  Probe (Chrono Boost)  
  13  0:16  Probe (Chrono Boost)  
  14  0:30  Probe (Chrono Boost)  
  15  0:44  Probe (Chrono Boost)  
  16  0:58  Probe (Chrono Boost)  
  17  1:11  Probe (Chrono Boost)  
  18  1:23  Zoraya Legion  
  18  1:51  Ancient Nexus  
  18  2:04  Xel'Naga Passageway  
  18  2:08  Probe (Chrono Boost)  
  19  2:23  Probe (Chrono Boost)  
  20  2:37  Probe (Chrono Boost)  
  21  2:42  Xel'Naga Passageway  
  21  2:51  Probe (Chrono Boost)  
  22  3:05  Probe (Chrono Boost)  
  22  3:09  Core Forge  
  23  3:19  Probe (Chrono Boost)  
  24  3:31  Probe (Chrono Boost)  
  24  3:32  Probe (Chrono Boost)  
  26  3:45  Probe (Chrono Boost)  
  26  3:46  Probe (Chrono Boost)  
  28  3:59  Probe (Chrono Boost), Constructs Facility  
  29  4:00  Probe (Chrono Boost)  
  30  4:13  Probe (Chrono Boost)  
  30  4:14  Probe (Chrono Boost)  
  32  4:27  Probe (Chrono Boost)  
  33  4:37  Xel'Naga Shieldguard x2  
  33  4:39  Probe (Chrono Boost)  
  36  4:40  Probe (Chrono Boost)  
  37  4:51  Zoraya Legion  
  37  4:53  Probe (Chrono Boost)  
  37  4:54  Probe (Chrono Boost)  
  37  4:55  Xel'Naga Shieldguard  
  37  4:56  Xel'Naga Shieldguard  
  41  5:06  Probe (Chrono Boost)  
  42  5:13  Xel'Naga Void Array x2  
  42  5:16  Constructs Bay  
  43  5:33  Xel'Naga Void Array x2  
  44  5:40  Xel'Naga Void Array  
  44  6:05  Xel'Naga Void Array  
  44  6:27  Xel'Naga Void Array  
  44  6:36  Xel'Naga Void Array  
  44  6:52  Xel'Naga Ambusher, Zoraya Legion  
  44  6:56  Xel'Naga Ambusher  
  48  7:00  Xel'Naga Void Array  
  48  7:04  Xel'Naga Watcher  
  44  7:10  Xel'Naga Ambusher  
  48  7:16  Xel'Naga Watcher  
  48  7:17  Xel'Naga Ambusher  
  52  7:28  Xel'Naga Watcher  
  52  7:32  Xel'Naga Ambusher  
  52  7:38  Xel'Naga Ambusher  
  56  7:49  Xel'Naga Ambusher  
  56  7:52  Xel'Naga Void Array  
  56  7:59  Xel'Naga Ambusher  
  60  8:07  Xel'Naga Shieldguard  
  61  8:20  Xel'Naga Shieldguard  
  62  8:31  Xel'Naga Ambusher  
  62  8:34  Xel'Naga Ambusher  
  66  8:40  Xel'Naga Watcher  
  66  8:41  Xel'Naga Void Array  
  66  8:48  Xel'Naga Ambusher  
  66  8:55  Xel'Naga Watcher  
  68  9:10  Xel'Naga Watcher  
  68  9:12  Xel'Naga Void Array  
  68  9:57  Zoraya Legion  
  68  10:03  Xel'Naga Void Array  
  68  10:12  Xel'Naga Void Array  
  68  10:25  Xel'Naga Ambusher  
  68  10:26  Xel'Naga Ambusher  
  68  10:28  Xel'Naga Watcher  
  72  10:35  Xel'Naga Void Array  
  72  10:42  Xel'Naga Ambusher  
  72  10:43  Xel'Naga Watcher, Xel'Naga Ambusher  
  76  10:58  Xel'Naga Watcher  
  67  11:00  Xel'Naga Ambusher x2  
  76  11:09  Xel'Naga Void Array  
  80  11:13  Xel'Naga Watcher  
  80  11:17  Xel'Naga Ambusher  
  80  11:18  Xel'Naga Void Array  
  82  11:30  Xel'Naga Void Array  
  80  12:06  Xel'Naga Void Array  
  80  12:07  Xel'Naga Watcher  
  80  12:15  Zoraya Legion  
  80  12:22  Xel'Naga Watcher  
  80  12:23  Xel'Naga Ambusher x2  
  80  12:29  Xel'Naga Void Array  
  84  12:37  Xel'Naga Watcher  
  82  12:40  Xel'Naga Ambusher  
  82  12:41  Xel'Naga Ambusher  
  86  12:52  Xel'Naga Watcher  
  86  12:57  Xel'Naga Ambusher  
  86  12:58  Xel'Naga Ambusher  
  86  13:06  Xel'Naga Void Array  
  86  13:07  Xel'Naga Watcher  
  90  13:15  Xel'Naga Ambusher  
  90  13:17  Xel'Naga Ambusher  
  94  13:32  Xel'Naga Ambusher  
  94  13:34  Xel'Naga Ambusher  
  98  13:48  Xel'Naga Void Array  
  98  13:49  Xel'Naga Ambusher  
  98  14:05  Xel'Naga Shieldguard  
  98  14:06  Xel'Naga Shieldguard  
  98  14:07  Xel'Naga Watcher  
  99  14:16  Zoraya Legion  
  100  14:22  Xel'Naga Watcher  
  100  14:37  Xel'Naga Watcher  
  98  14:44  Xel'Naga Void Array  
  98  14:52  Xel'Naga Watcher  
Show
View Real Time Build Order
Export as new Build Order

테라진 Terran 

Build Orders:  

Get SALT Encoding   

  12  0:19  Barracks  
  11  0:52  Orbital Command  
Tags
 
Add a new tag
Caveats
  • Supply blocks, unpowered buildings, or Contaminate may cause inaccurate times.
  • Supply counts are checked every 10 seconds.